[Event "Asian Zonal-ch 3.5 Women 2019"]
[Site "Zi Bo"]
[Date "2019.09.05"]
[Round "1.1"]
[White "Zhou, Zirun"]
[Black "Lei, Tingjie"]
[Result "0-1"]
[ECO "D75"]
[WhiteElo "2155"]
[BlackElo "2483"]
[Annotator "ChessBase"]
[PlyCount "174"]
[EventDate "2019.09.05"]
[EventType "swiss"]
[EventCountry "CHN"]
[SourceTitle "playchess.com"]
[Source "ChessBase"]
[SourceQuality "1"]
[TimeControl "5400+30"]

1. d4 Nf6 2. c4 g6 3. Nf3 Bg7 4. g3 c5 5. Bg2 cxd4 6. Nxd4 O-O 7. O-O d5 8. cxd5 Nxd5 9. Nc3 Nxc3 10. bxc3 a6 11. Rb1 Qc7 12. Qb3 Nd7 13. Ba3 Bf6 14. f4 Re8 15. Kh1 Kg7 16. Nc2 Rb8 17. Ne3 e6 18. Nc4 Be7 19. Bxe7 Rxe7 20. Qb4 Nc5 21. Ne5 Bd7 22. Nd3 Rc8 23. Qd4+ Kg8 24. Nxc5 Qxc5 25. Rxb7 Qxd4 26. cxd4 Rc2 27. Bf3 Kf8 28. Ra1 Bb5 29. Rxe7 Kxe7 30. e3 Rc3 31. a4 Bd7 32. Be2 a5 33. Bb5 Rxe3 34. Rc1 Bxb5 35. axb5 Rb3 36. Rc5 a4 37. Rc4 a3 38. Ra4 Kf6 39. Kg2 Kf5 40. Kh3 f6 41. b6 Ke4 42. Kg4 Rxb6 43. Rxa3 Kxd4 44. Kh4 Rb2 45. h3 Rb5 46. g4 Ke4 47. Kg3 Rd5 48. Ra6 Rd3+ 49. Kg2 Rd2+ 50. Kg3 Rd3+ 51. Kg2 Kxf4 52. Rxe6 Rd2+ 53. Kg1 Kg3 54. Re3+ Kh4 55. Rf3 Kg5 56. Ra3 Re2 57. Kf1 Rh2 58. Kg1 Rd2 59. Rf3 Kh4 60. Kh1 Re2 61. Kg1 Rc2 62. Kh1 Kg5 63. Kg1 h6 64. Kh1 Re2 65. Kg1 Ra2 66. Kh1 f5 67. gxf5 gxf5 68. Kg1 f4 69. Rb3 Re2 70. Rb6 Ra2 71. h4+ Kxh4 72. Rxh6+ Kg3 73. Rg6+ Kf3 74. Rb6 Ra1+ 75. Kh2 Re1 76. Rb3+ Kf2 77. Rb2+ Kf1 78. Kh3 Re3+ 79. Kg4 f3 80. Kf4 Ra3 81. Kg3 f2+ 82. Kh2 Rf3 83. Rb1+ Ke2 84. Rb2+ Ke3 85. Rb3+ Ke4 86. Rb4+ Kd5 87. Rb5+ Kc4 0-1

[Event "Asian Zonal-ch 3.5 Women 2019"]
[Site "Zi Bo"]
[Date "2019.09.05"]
[Round "1.2"]
[White "Zhu, Jiner"]
[Black "Yan, Tianqi"]
[Result "1-0"]
[ECO "B43"]
[WhiteElo "2471"]
[BlackElo "2122"]
[Annotator "ChessBase"]
[PlyCount "43"]
[EventDate "2019.09.05"]
[EventType "swiss"]
[EventCountry "CHN"]
[SourceTitle "playchess.com"]
[Source "ChessBase"]
[SourceQuality "1"]
[TimeControl "5400+30"]

1. e4 c5 2. Nf3 e6 3. d4 cxd4 4. Nxd4 a6 5. Bd3 Nc6 6. Nxc6 dxc6 7. O-O Qc7 8. Nc3 e5 9. Be3 Nf6 10. h3 b5 11. f4 Be7 12. fxe5 Qxe5 13. Bf4 Qd4+ 14. Kh1 h5 15. e5 Nd5 16. Bxb5 Qc5 17. Nxd5 cxb5 18. Be3 Qc6 19. Qf3 Qb7 20. Qxf7+ Kd8 21. Bb6+ Kd7 22. Qxe7+ 1-0

[Event "Asian Zonal-ch 3.5 Women 2019"]
[Site "Zi Bo"]
[Date "2019.09.05"]
[Round "1.3"]
[White "Hu, Yu A."]
[Black "Huang, Qian"]
[Result "0-1"]
[ECO "B01"]
[WhiteElo "2105"]
[BlackElo "2429"]
[Annotator "ChessBase"]
[PlyCount "194"]
[EventDate "2019.09.05"]
[EventType "swiss"]
[EventCountry "CHN"]
[SourceTitle "playchess.com"]
[Source "ChessBase"]
[SourceQuality "1"]
[TimeControl "5400+30"]

1. e4 d5 2. exd5 Qxd5 3. Nc3 Qd8 4. d4 Nf6 5. Nf3 g6 6. Bc4 Bg7 7. Ne5 O-O 8. O-O Nc6 9. Nxc6 bxc6 10. h3 Nd5 11. Nxd5 cxd5 12. Bb3 a5 13. c3 Qd6 14. Qf3 e6 15. Bf4 Qb6 16. Rfc1 a4 17. Bd1 c5 18. dxc5 Qxc5 19. Rab1 e5 20. Be3 Qa5 21. b4 axb3 22. Bxb3 Be6 23. Rd1 e4 24. Qf4 Bxc3 25. Bd4 Rfc8 26. Qe5 Bxd4 27. Rxd4 Qc7 28. Qg5 Qd8 29. Qe5 Qc7 30. Qg5 Rd8 31. Rbd1 Rd7 32. Ba4 Rd6 33. Qe5 Rad8 34. Bb3 Qc6 35. Ba4 Qb6 36. Bb3 R6d7 37. Ba4 Rd6 38. Bb3 Qc7 39. Kf1 Qd7 40. Kg1 Qc7 41. Kf1 Qc6 42. Kg1 Qb6 43. Kh1 R6d7 44. Ba4 Rd6 45. Bb3 Qc7 46. Kg1 Qd7 47. Kh1 Qe7 48. Rxd5 Rxd5 49. Rxd5 Re8 50. Rb5 Bxb3 51. Qxe7 Rxe7 52. Rxb3 f5 53. g3 Kf7 54. h4 Ke6 55. Kg2 Kd5 56. Kf1 Kc4 57. Ke2 Ra7 58. Rb2 Kd4 59. Rd2+ Ke5 60. Rb2 Ra5 61. Ke3 h6 62. f3 exf3 63. Kxf3 g5 64. hxg5 hxg5 65. Re2+ Kf6 66. Rb2 Ra3+ 67. Kf2 Kg6 68. Kg2 Kh5 69. Rc2 Rd3 70. Rb2 Rc3 71. Rd2 Ra3 72. Rb2 Kg6 73. g4 f4 74. Rb6+ Kf7 75. Rb7+ Ke6 76. Rb6+ Kd7 77. Kf2 Rg3 78. Rb5 Rxg4 79. Kf3 Rg3+ 80. Ke4 f3 81. Rf5 g4 82. a4 Rg2 83. Ke3 Ke6 84. Rf8 Ke7 85. Rf4 Re2+ 86. Kd3 Rg2 87. Ke3 Re2+ 88. Kd3 Re1 89. Kd2 Ra1 90. Ke3 Re1+ 91. Kd2 Rg1 92. Ke3 Kd6 93. a5 Ke5 94. Ra4 Re1+ 95. Kf2 Re2+ 96. Kf1 g3 97. Rg4 g2+ 0-1

[Event "Asian Zonal-ch 3.5 Women 2019"]
[Site "Zi Bo"]
[Date "2019.09.05"]
[Round "1.4"]
[White "Zhai, Mo"]
[Black "Bai, Xue"]
[Result "1-0"]
[ECO "E06"]
[WhiteElo "2360"]
[BlackElo "2093"]
[Annotator "ChessBase"]
[PlyCount "67"]
[EventDate "2019.09.05"]
[EventType "swiss"]
[EventCountry "CHN"]
[SourceTitle "playchess.com"]
[Source "ChessBase"]
[SourceQuality "1"]
[TimeControl "5400+30"]

1. c4 e6 2. Nf3 Nf6 3. g3 d5 4. Bg2 Be7 5. d4 O-O 6. O-O c6 7. Qc2 b6 8. Nbd2 Bb7 9. e4 dxc4 10. Nxc4 Nbd7 11. Rd1 b5 12. Nce5 Rc8 13. a4 a5 14. Qe2 b4 15. Bf4 Qb6 16. Nc4 Qa6 17. Bf1 c5 18. Nd6 Qxe2 19. Bxe2 Bxd6 20. Bxd6 Rfd8 21. dxc5 Bxe4 22. Nd2 Bc2 23. Rdc1 b3 24. Ba6 Ra8 25. Bb7 Nxc5 26. Bxa8 Nd3 27. Bf3 Ne8 28. Bf4 Nxf4 29. Nxb3 Nh3+ 30. Kg2 Bxb3 31. Kxh3 e5 32. Rc5 e4 33. Bxe4 Rd4 34. Bc6 1-0

[Event "Asian Zonal-ch 3.5 Women 2019"]
[Site "Zi Bo"]
[Date "2019.09.05"]
[Round "1.5"]
[White "Yuan, Ye"]
[Black "Ning, Kaiyu"]
[Result "1/2-1/2"]
[ECO "D41"]
[WhiteElo "2092"]
[BlackElo "2354"]
[Annotator "ChessBase"]
[PlyCount "63"]
[EventDate "2019.09.05"]
[EventType "swiss"]
[EventCountry "CHN"]
[SourceTitle "playchess.com"]
[Source "ChessBase"]
[SourceQuality "1"]
[TimeControl "5400+30"]

1. d4 d5 2. c4 e6 3. Nc3 Nf6 4. Nf3 c5 5. cxd5 Nxd5 6. e4 Nxc3 7. bxc3 cxd4 8. cxd4 Bb4+ 9. Bd2 Bxd2+ 10. Qxd2 O-O 11. Bc4 Nd7 12. O-O b6 13. a4 Bb7 14. Bd3 e5 15. Nxe5 Nxe5 16. dxe5 Bxe4 17. Rfd1 Bxd3 18. Qxd3 Qg5 19. Qe4 Rfd8 20. e6 Qe7 21. exf7+ Qxf7 22. Rxd8+ Rxd8 23. Re1 h6 24. h4 Rf8 25. Re2 Rc8 26. g3 Kh8 27. Re1 Rf8 28. Re2 Qb3 29. Kg2 Qc3 30. Re3 Qc8 31. Re2 Qc5 32. Rc2 1/2-1/2

[Event "Asian Zonal-ch 3.5 Women 2019"]
[Site "Zi Bo"]
[Date "2019.09.05"]
[Round "1.6"]
[White "Li, Xueyi"]
[Black "Zhang, Xiao"]
[Result "1-0"]
[ECO "D11"]
[WhiteElo "2323"]
[BlackElo "2073"]
[Annotator "ChessBase"]
[PlyCount "95"]
[EventDate "2019.09.05"]
[EventType "swiss"]
[EventCountry "CHN"]
[SourceTitle "playchess.com"]
[Source "ChessBase"]
[SourceQuality "1"]
[TimeControl "5400+30"]

1. Nf3 d5 2. g3 Nf6 3. Bg2 c6 4. d4 Bf5 5. c4 e6 6. Nc3 h6 7. Qb3 Qc8 8. Bf4 Nbd7 9. Rc1 dxc4 10. Qxc4 Nb6 11. Qb3 Nbd5 12. Be5 Be7 13. Nd2 Nxc3 14. bxc3 O-O 15. e4 Bh7 16. h3 Qd7 17. O-O Rfd8 18. c4 Rac8 19. c5 Ne8 20. Rcd1 Bf6 21. Nc4 Bxe5 22. Nxe5 Qe7 23. Nc4 Rd7 24. Qa4 Qd8 25. Ne5 Re7 26. Ng4 b5 27. Qa6 Qc7 28. Ne5 Nf6 29. Rfe1 Nd7 30. Nd3 Nb8 31. Qa3 a5 32. Qb2 Rd8 33. Nf4 g5 34. Nh5 Nd7 35. d5 Qe5 36. Qxe5 Nxe5 37. f4 Nc4 38. dxc6 Rc8 39. Rd7 Kf8 40. Nf6 Bg6 41. e5 Bc2 42. Rb7 Ba4 43. Nd7+ Ke8 44. Nb6 Nxb6 45. Rxe7+ Kxe7 46. cxb6 Kd8 47. c7+ Kd7 48. b7 1-0

[Event "Asian Zonal-ch 3.5 Women 2019"]
[Site "Zi Bo"]
[Date "2019.09.05"]
[Round "1.7"]
[White "Zhang, Yuxuan"]
[Black "Song, Yuxin"]
[Result "0-1"]
[ECO "B92"]
[WhiteElo "1979"]
[BlackElo "2305"]
[Annotator "ChessBase"]
[PlyCount "94"]
[EventDate "2019.09.05"]
[EventType "swiss"]
[EventCountry "CHN"]
[SourceTitle "playchess.com"]
[Source "ChessBase"]
[SourceQuality "1"]
[TimeControl "5400+30"]

1. e4 c5 2. Nf3 d6 3. d4 cxd4 4. Nxd4 Nf6 5. Nc3 a6 6. Be2 e5 7. Nf3 h6 8. Nd2 Be7 9. Nc4 b5 10. Ne3 O-O 11. Ncd5 Nxd5 12. Nxd5 Nd7 13. Be3 Nf6 14. Nxf6+ Bxf6 15. c4 Bb7 16. cxb5 axb5 17. Bf3 Qa5+ 18. Bd2 Qa4 19. Qxa4 Rxa4 20. b3 Ra7 21. Bb4 Be7 22. O-O f5 23. Rfd1 fxe4 24. Be2 e3 25. fxe3 Bg5 26. Bxd6 Bxe3+ 27. Kh1 Rf2 28. Bf1 Bd4 29. a4 Ra6 30. Rxd4 exd4 31. Bg3 Rd2 32. Bxb5 Rxg2 33. Bxa6 Ba8 34. Bc4+ Kh8 35. h4 Ra2+ 36. Kg1 Rxa1+ 37. Kf2 Be4 38. Be5 Ra2+ 39. Ke1 d3 40. Bf4 g5 41. hxg5 h5 42. Bf7 Re2+ 43. Kd1 Bf3 44. Kc1 Kg7 45. g6 h4 46. Bd2 Rxd2 47. Kxd2 h3 0-1

[Event "Asian Zonal-ch 3.5 Women 2019"]
[Site "Zi Bo"]
[Date "2019.09.05"]
[Round "1.8"]
[White "Li, Yunshan"]
[Black "Cai Youyang"]
[Result "1-0"]
[ECO "D34"]
[WhiteElo "2261"]
[BlackElo "1910"]
[Annotator "ChessBase"]
[PlyCount "123"]
[EventDate "2019.09.05"]
[EventType "swiss"]
[EventCountry "CHN"]
[SourceTitle "playchess.com"]
[Source "ChessBase"]
[SourceQuality "1"]
[TimeControl "5400+30"]

1. d4 d5 2. c4 e6 3. Nf3 Nf6 4. g3 c5 5. cxd5 exd5 6. Nc3 Nc6 7. Bg2 Be7 8. O-O O-O 9. dxc5 Bxc5 10. Bg5 Be6 11. Rc1 Be7 12. Nd4 h6 13. Bf4 Rc8 14. Ncb5 Qd7 15. Nxe6 fxe6 16. Bh3 Ne4 17. Nc3 Nxc3 18. bxc3 Ba3 19. Rc2 Qf7 20. e4 Rcd8 21. Rd2 dxe4 22. Qb3 Qg6 23. Rxd8 Nxd8 24. Qxa3 Rxf4 25. Qxa7 Rf8 26. Bg2 Qf5 27. Qd4 Qa5 28. a4 Nc6 29. Qc4 Qd5 30. Qxe4 Qb3 31. h4 Qxc3 32. Qxe6+ Kh8 33. Qd7 Nd4 34. Qxb7 Ne2+ 35. Kh2 Qd4 36. Qe4 Qd2 37. Qe3 Qc2 38. a5 Qc4 39. Re1 Nd4 40. Rd1 Nf5 41. Qa3 Rf6 42. Rd8+ Kh7 43. Qd3 Qc5 44. g4 Qxf2 45. gxf5 Qxh4+ 46. Qh3 Qe1 47. Qg3 Qe7 48. Rd5 Qf7 49. Qd3 Qc7+ 50. Kg1 Qc1+ 51. Kf2 Qf4+ 52. Bf3 Qh4+ 53. Ke3 Qe1+ 54. Qe2 Qg1+ 55. Qf2 Qc1+ 56. Kd3 Qa3+ 57. Ke2 Qb2+ 58. Kf1 Qc1+ 59. Kg2 Qg5+ 60. Qg3 Qc1 61. Be4 Qc4 62. Qg6+ 1-0

[Event "Asian Zonal-ch 3.5 Women 2019"]
[Site "Zi Bo"]
[Date "2019.09.05"]
[Round "1.9"]
[White "Xue, Yue"]
[Black "Gu, Tianlu"]
[Result "0-1"]
[ECO "C90"]
[WhiteElo "1678"]
[BlackElo "2239"]
[Annotator "ChessBase"]
[PlyCount "76"]
[EventDate "2019.09.05"]
[EventType "swiss"]
[EventCountry "CHN"]
[SourceTitle "playchess.com"]
[Source "ChessBase"]
[SourceQuality "1"]
[TimeControl "5400+30"]

1. e4 e5 2. Nf3 Nc6 3. Bb5 a6 4. Ba4 Nf6 5. d3 b5 6. Bb3 Be7 7. Nbd2 d6 8. c3 O-O 9. O-O Na5 10. Bc2 c5 11. Re1 Re8 12. Nf1 Nc6 13. h3 Bf8 14. d4 cxd4 15. cxd4 Bd7 16. Bg5 h6 17. Be3 Rc8 18. Ng3 g6 19. Qd2 d5 20. exd5 Bb4 21. Qd1 Nxd4 22. Bxd4 Bxe1 23. Bxe5 Bb4 24. Bb3 Bc5 25. Qd2 Bf8 26. Qd4 Bg7 27. Rd1 a5 28. a3 a4 29. Ba2 Rc2 30. Ne1 Rxf2 31. Qxf2 Rxe5 32. Nf3 Re8 33. Qc5 Ne4 34. Nxe4 Rxe4 35. Rd2 Qe8 36. Kf2 h5 37. Qc2 Bh6 38. Re2 Be3+ {[%emt 0:00:02] Rd2 Bh6} 0-1

[Event "Asian Zonal-ch 3.5 Women 2019"]
[Site "Zi Bo"]
[Date "2019.09.05"]
[Round "1.10"]
[White "Ren, Xiaoyi"]
[Black "Wang, Yuehan"]
[Result "1/2-1/2"]
[ECO "E10"]
[WhiteElo "2231"]
[BlackElo "1600"]
[Annotator "ChessBase"]
[PlyCount "175"]
[EventDate "2019.09.05"]
[EventType "swiss"]
[EventCountry "CHN"]
[SourceTitle "playchess.com"]
[Source "ChessBase"]
[SourceQuality "1"]
[TimeControl "5400+30"]

1. d4 Nf6 2. c4 e6 3. Nf3 c6 4. Bf4 Qa5+ 5. Nbd2 d5 6. e3 Nbd7 7. a3 dxc4 8. Bxc4 Be7 9. h3 O-O 10. b4 Qd8 11. Nb3 b6 12. O-O c5 13. b5 Bb7 14. Qe2 Ne4 15. a4 Bf6 16. Rfc1 Bd5 17. a5 Qe7 18. Ne5 cxd4 19. Bxd5 exd5 20. Nc6 Qe6 21. exd4 Rfc8 22. Rc2 Qf5 23. Qg4 Nd6 24. Rac1 Qxg4 25. hxg4 Nc4 26. Nd2 bxa5 27. g5 Bd8 28. Nxc4 dxc4 29. Rxc4 Nb6 30. Rc5 a4 31. d5 f6 32. d6 Kf8 33. Nxd8 Rxd8 34. gxf6 gxf6 35. Rc7 Rd7 36. R7c6 Nd5 37. Bh6+ Kf7 38. Ra6 Nb6 39. Rc6 Rad8 40. Be3 Nc8 41. Bc5 Rb7 42. Rxa4 Rxb5 43. Rc7+ Ke6 44. Re4+ Kd5 45. Rd4+ Ke6 46. d7 Nb6 47. Rd6+ Ke5 48. Rd2 Rxd7 49. Re2+ Kf5 50. Rxd7 Nxd7 51. Bxa7 Rb1+ 52. Kh2 Kg6 53. Re7 Ne5 54. Re6 Rb7 55. Bd4 Kf5 56. Ra6 Rd7 57. Bb2 Rd2 58. Bxe5 Kxe5 59. Kg3 Kf5 60. f3 Rd4 61. Ra7 Kg6 62. Ra8 Rb4 63. Rg8+ Kf7 64. Rg4 Rb2 65. Kh4 Rb5 66. Rc4 Kg6 67. f4 Rb1 68. Rc5 Rb4 69. Kg4 Ra4 70. g3 Rb4 71. Rc8 Rb5 72. Rg8+ Kf7 73. Rd8 Kg6 74. Rd3 Ra5 75. Rd4 Rb5 76. Kh4 Rh5+ 77. Kg4 Rb5 78. Rd3 Ra5 79. Kf3 Ra4 80. Rd5 Ra3+ 81. Kg4 Ra4 82. Rd3 Ra5 83. Kf3 Ra4 84. Rd8 Ra3+ 85. Ke4 Ra4+ 86. Kf3 Ra3+ 87. Kg4 Ra5 88. Rd4 1/2-1/2

[Event "Asian Zonal-ch 3.5 Women 2019"]
[Site "Zi Bo"]
[Date "2019.09.05"]
[Round "1.11"]
[White "Ha, Yihan"]
[Black "Zhang, Lanlin"]
[Result "0-1"]
[ECO "D36"]
[WhiteElo "1580"]
[BlackElo "2203"]
[Annotator "ChessBase"]
[PlyCount "78"]
[EventDate "2019.09.05"]
[EventType "swiss"]
[EventCountry "CHN"]
[SourceTitle "playchess.com"]
[Source "ChessBase"]
[SourceQuality "1"]
[TimeControl "5400+30"]

1. d4 d5 2. c4 e6 3. Nc3 Nf6 4. cxd5 exd5 5. Bg5 c6 6. e3 h6 7. Bh4 Be7 8. Bd3 O-O 9. Qc2 Be6 10. Nge2 Nh5 11. Bxe7 Qxe7 12. h3 a5 13. g4 Nf6 14. O-O-O Na6 15. Qd2 a4 16. Rdg1 b5 17. f3 a3 18. b3 b4 19. Na4 Nd7 20. f4 f5 21. gxf5 Bxf5 22. Ng3 Bxd3 23. Qxd3 Rf7 24. Rg2 Ra7 25. Rhg1 Nf8 26. Kd2 c5 27. dxc5 Nxc5 28. Nxc5 Qxc5 29. Nf5 Qc3+ 30. Qxc3 bxc3+ 31. Kxc3 Rxf5 32. Kd3 Ne6 33. Rc1 d4 34. Rf2 dxe3 35. Kxe3 Re7 36. Ke4 Rf8 37. f5 Nc5+ 38. Kd4 Rd8+ 39. Kc4 Nd3 {[%emt 0:00:06] Kd4} 0-1

[Event "Asian Zonal-ch 3.5 Women 2019"]
[Site "Zi Bo"]
[Date "2019.09.05"]
[Round "1.12"]
[White "Zhao, Shengxin"]
[Black "Zhao, Caidi"]
[Result "1-0"]
[ECO "D73"]
[WhiteElo "2162"]
[BlackElo "1540"]
[Annotator "ChessBase"]
[PlyCount "87"]
[EventDate "2019.09.05"]
[EventType "swiss"]
[EventCountry "CHN"]
[SourceTitle "playchess.com"]
[Source "ChessBase"]
[SourceQuality "1"]
[TimeControl "5400+30"]

1. d4 Nf6 2. c4 g6 3. g3 d5 4. Nf3 Bg7 5. Bg2 O-O 6. Nc3 dxc4 7. Ne5 c6 8. Nxc4 Be6 9. Ne5 Nbd7 10. Nf3 Nd5 11. O-O N7f6 12. Ng5 Bd7 13. Nge4 Nxe4 14. Nxe4 Qb6 15. Nc5 Bc8 16. e4 Nc7 17. Nb3 Be6 18. Be3 Bxb3 19. axb3 Rfd8 20. d5 Qb5 21. Qc2 Rac8 22. Bh3 e6 23. dxe6 Nxe6 24. Rxa7 Ra8 25. Bxe6 fxe6 26. Rxa8 Rxa8 27. Rd1 Bf6 28. h4 Qh5 29. Kg2 Ra2 30. Bd4 e5 31. Bc5 b5 32. Rd6 Bxh4 33. b4 Ra8 34. Qb3+ Kh8 35. gxh4 Qg4+ 36. Qg3 Qxe4+ 37. Qf3 Qxh4 38. Qf6+ Qxf6 39. Rxf6 Rc8 40. Re6 Kg7 41. Rxe5 h5 42. Kg3 Kf6 43. Bd4 Rd8 44. Rd5+ 1-0